 Dungeon Crawl Stone Soup version 0.22-a0-443-g17c3723931 (webtiles) character file.

3394 Banto the Covert (level 10, -1/56 HPs)
             Began as an Octopode Earth Elementalist on May 31, 2018.
             Was a Believer of Sif Muna.
             Slain by an elephant (7 damage)
             ... on level 8 of the Dungeon on June 1, 2018.
             The game lasted 00:18:58 (7705 turns).

Banto the Covert (Octopode Earth Elementalist)      Turns: 7705, Time: 00:18:59

Health: -1/56      AC:  1    Str: 13    XL:     10   Next: 4%
Magic:  2/13       EV:  2    Int: 21    God:    Sif Muna [**....]
Gold:   406        SH:  0    Dex: 12    Spells: 1/13 levels left

rFire    . . .     SeeInvis .   E - +0 short sword (elec)
rCold    + + .     Gourm    +   (no shield)
rNeg     + + +     Faith    .   (helmet restricted)
rPois    ∞         Spirit   .   r - amulet of the gourmand
rElec    .         Reflect  .   a - ring of wizardry
rCorr    .         Harm     .   d - ring of protection from cold
MR       .....                  n - ring of positive energy
Stlth    ++++++....             p - +5 ring of strength
HPRegen  0.18/turn              t - ring of wizardry
MPRegen  0.13/turn              v - ring of protection from cold
                                (no ring)
                                (no ring)

@: petrified, very slightly contaminated
A: almost no armour, stealthy swim, amphibious, 8 rings, constrict 8, camouflage
1, gelatinous body 1
a: Divine Energy, Renounce Religion


You were on level 8 of the Dungeon.
You worshipped Sif Muna.
Sif Muna was pleased with you.
You were not hungry.

You visited 2 branches of the dungeon, and saw 9 of its levels.

You collected 406 gold pieces.

Inventory:

Hand Weapons
 g - a +1 dagger
 E - a +0 short sword of electrocution (weapon)
Missiles
 b - 115 stones (quivered)
Magical Staves
 F - an uncursed staff of earth
Jewellery
 a - a ring of wizardry (left tentacle)
 d - a ring of protection from cold (right tentacle)
 f - an uncursed amulet of faith
 n - a ring of positive energy (on tentacle)
 o - an uncursed amulet of rage
 p - a +5 ring of strength (on tentacle)
 r - an amulet of the gourmand (around mantle)
 t - a ring of wizardry (on tentacle)
 v - a ring of protection from cold (on tentacle)
Wands
 u - a wand of digging (15)
 w - a wand of scattershot (6)
 x - a wand of enslavement (7)
Scrolls
 e - a scroll of amnesia
 h - a scroll of enchant weapon
 i - 5 scrolls of remove curse
 s - a scroll of enchant armour
 y - a scroll of magic mapping
Potions
 j - 4 potions of lignification
 k - a potion of heal wounds
 l - 2 potions of brilliance
 m - 2 potions of agility
 q - 2 potions of curing
 z - a potion of degeneration {unknown}
 A - a potion of invisibility {unknown}
 B - 3 potions of flight {unknown}
 C - a potion of might {unknown}
 D - a potion of berserk rage {unknown}
Comestibles
 c - 14 rations


   Skills:
 + Level 6.0 Short Blades
 - Level 2.0 Dodging
 - Level 11.1 Stealth
 - Level 2.0 Spellcasting
 + Level 6.1 Transmutations
 - Level 8.2 Earth Magic


You had one spell level left.
You knew the following spells:

 Your Spells              Type           Power        Failure   Level  Hunger
a - Sandblast             Erth           #####.       1%          1    #......
b - Passwall              Tmut/Erth      ####....     1%          2    ##.....
c - Petrify               Tmut/Erth      ####....     2%          4    #####..
d - Lee's Rapid Deconstr  Erth           #####.....   4%          5    ######.

Your spell library contained the following spells:

 Spells                   Type           Power        Failure   Level  Hunger
 Stone Arrow              Conj/Erth      ###...       2%          3    ###....


Dungeon Overview and Level Annotations

Branches:
Dungeon (8/15)             Temple (1/1) D:4            Lair (0/6) D:8

Altars:
Ashenzari
Cheibriados
Dithmenos
Elyvilon
Fedhas
Gozag
Hepliaklqana
Kikubaaqudgha
Makhleb
Nemelex Xobeh
Ru
Sif Muna
Trog
Uskayaw
Vehumet
Wu Jian
Xom
Yredelemnul
Zin
The Shining One

Shops:
D:8 *

Annotations:
D:6 exclusion: oklob plant
D:8 exclusions: basilisk, ogre and 2 more exclusions


Innate Abilities, Weirdness & Mutations

You cannot wear most types of armour.
You are very stealthy in the water. (Stealth+)
You are amphibious.
You can wear up to eight rings at the same time.
You can use your tentacles to constrict eight enemies at once.
Your skin changes colour to match your surroundings (Stealth+).
Your rubbery body absorbs attacks. (AC +1, EV +1)


Message History

Blink to where?
Press: ? - help, Dir - move target cursor, p - elephant You are very lightly contaminated with residual magic.
As you read the scroll of blinking, it crumbles to dust.
Your limbs are stiffening.
Casting: Petrify (safe; 2% risk of failure)
Confirm with . or Enter, or press ? or * to list all spells.
Aiming: Petrify (safe; 2% risk of failure)
Press: ? - help, Shift-Dir - straight line, f - elephant
Aim: an elephant (translocational energy, moderately wounded, chance to defeat MR: 26%)
The elephant easily resists.
You have turned to stone.
The basilisk hisses menacingly.
The elephant tramples you.
* * * LOW HITPOINT WARNING * * *
You are shoved backwards!
The elephant tramples you!
* * * LOW HITPOINT WARNING * * *
You are shoved backwards!
The elephant tramples you!
You die...

...#.####.#### #####..........#
#.....>##.# #######......#####
#.####..#.# ###...........## ..#
##...####...####..#....#
#######........### #.#..####
........#..##.## ###.#.....##
##########.##>#####..........##
#..#..#..[)#.#.).....#
##..##..@###..#.......#
####......Y.###.##.......#
##....#.#................##
###..###...l###.##.#.....[..#
###......#....# #.##.#........#
.....###....#.# #.............#
....######..#.#####.#..#.....###
##### #.............[...#......#
# ##.#####.#####.#.....##...#


You could see an elephant and a basilisk.

Vanquished Creatures
  A two-headed ogre (D:8)
  A hippogriff (D:7)
  Sigmund (D:2)
  Eustachio (D:4)
  A hungry ghost (D:8)
  2 water moccasins
  An orc warrior (D:8)
  A phantom (D:4)
  3 ogres
  A centaur (D:7)
  The ghost of oberejnoburuli the Changer, an amateur OpTm (D:3)
  3 bullfrogs
  A wyvern skeleton (D:7)
  2 scorpions
  A howler monkey (D:4)
  3 jellies
  4 crimson imps
  A bullfrog zombie (D:5)
  2 orc priests
  A bullfrog skeleton (D:5)
  5 orc wizards
  7 worker ants
  A killer bee zombie (D:8)
  Robin (D:2)
  5 adders
  6 gnolls
  A howler monkey skeleton (D:8)
  A shadow imp (D:7)
  2 adder skeletons
  A worm (D:2)
  A dart slug (D:1)
  4 leopard geckos
  28 orcs
  2 giant cockroaches
  15 goblins
  8 hobgoblins
  5 jackals (D:7)
  8 kobolds
  6 quokkas
  4 ball pythons
  A ball python skeleton (D:4)
  3 bats
  6 frilled lizards
  A jackal skeleton (D:5)
  A leopard gecko skeleton (D:6)
  7 rats
  A spectral orc (D:2)
163 creatures vanquished.

Notes
Turn   | Place    | Note
-------+----------+-------------------------------------------
     0 | D:1      | Banto the Octopode Earth Elementalist began the quest for the Orb.
     0 | D:1      | Reached XP level 1. HP: 11/11 MP: 3/3
    97 | D:1      | Reached skill level 3 in Stealth
   193 | D:1      | Reached XP level 2. HP: 13/17 MP: 5/5
   528 | D:2      | Noticed Sigmund
   556 | D:2      | Learned a level 2 spell: Passwall
   564 | D:2      | Found a snail-covered altar of Cheibriados.
   564 | D:2      | Noticed Robin
  1069 | D:2      | Reached XP level 3. HP: 12/21 MP: 6/6
  1220 | D:2      | Killed Robin
  1220 | D:2      | Reached skill level 4 in Stealth
  1825 | D:2      | Reached XP level 4. HP: 24/27 MP: 7/7
  1921 | D:2      | You fall through a shaft for 2 floors!
  2003 | D:4      | Noticed Eustachio
  2010 | D:4      | Learned a level 4 spell: Petrify
  2028 | D:3      | Noticed oberejnoburuli's ghost (amateur OpTm)
  2371 | D:2      | Found a basalt altar of Yredelemnul.
  2508 | D:2      | Killed Sigmund
  2508 | D:2      | Reached skill level 6 in Stealth
  2508 | D:2      | Reached skill level 5 in Earth Magic
  2508 | D:2      | Reached XP level 5. HP: 31/31 MP: 4/8
  2574 | D:3      | Reached XP level 6. HP: 36/36 MP: 9/9
  2936 | D:3      | Killed oberejnoburuli's ghost
  2936 | D:3      | Reached skill level 7 in Stealth
  3153 | D:3      | Found a burning altar of Makhleb.
  3240 | D:3      | Found a shimmering altar of Xom.
  3506 | D:4      | Killed Eustachio
  3506 | D:4      | Reached skill level 8 in Stealth
  3506 | D:4      | Reached XP level 7. HP: 36/41 MP: 5/10
  3547 | D:4      | Found a staircase to the Ecumenical Temple.
  3613 | Temple   | Entered the Ecumenical Temple
  3767 | Temple   | Became a worshipper of Sif Muna the Loreminder
  3876 | D:4      | Reached skill level 9 in Stealth
  4016 | D:4      | Found a shattered altar of Ashenzari.
  4018 | D:4      | Found a shadowy altar of Dithmenos.
  4123 | D:4      | Found an ornate altar of the Wu Jian Council.
  4262 | D:5      | Entered Level 5 of the Dungeon
  4273 | D:5      | Reached XP level 8. HP: 41/46 MP: 9/11
  4562 | D:5      | Reached skill level 10 in Stealth
  4567 | D:5      | Found the +0 Maxwell's etheric cage {RegenMP+ *Contam rElec MP+4}
  4622 | D:5      | Got a bloodstained shield
  4872 | D:6      | Found an opulent altar of Gozag.
  5176 | D:6      | Reached * piety under Sif Muna
  5212 | D:6      | Identified the +0 shield of Marbles {*Drain rN+++ MR++ Str-5} (You took it off an orc on level 5 of the Dungeon)
  5263 | D:6      | Reached skill level 11 in Stealth
  5335 | D:6      | Found a blossoming altar of Fedhas.
  5348 | D:6      | Noticed an oklob plant
  5839 | D:7      | Noticed a hippogriff
  5935 | D:7      | Reached skill level 1 in Short Blades
  5935 | D:7      | Reached XP level 9. HP: 48/51 MP: 12/12
  6511 | D:7      | Found a bloodstained altar of Trog.
  6827 | D:8      | Found Xemyph's General Store.
  6838 | D:8      | Found a hide-covered altar of Uskayaw.
  6944 | D:8      | Found a staircase to the Lair.
  6944 | D:8      | Noticed an elephant
  7280 | D:8      | Noticed a two-headed ogre
  7298 | D:8      | Killed a two-headed ogre
  7298 | D:8      | Reached ** piety under Sif Muna
  7298 | D:8      | Reached skill level 5 in Short Blades
  7298 | D:8      | Reached skill level 5 in Transmutations
  7392 | D:8      | Reached XP level 10. HP: 56/56 MP: 6/13
  7475 | D:8      | Learned a level 5 spell: Lee's Rapid Deconstruction
  7705 | D:8      | Slain by an elephant

Vault maps used:
D:1:      dpeg_arrival_water_temple_mockup
D:2:      lemuel_crystal_altar, yredelemnul_forgotten_temple_becter,
          uniq_sigmund, uniq_robin
D:3:      lemuel_coloured_pillars_altar, tgw_xom
D:4:      gammafunk_temple_overflow_forgotten, minmay_temple_entry_glass,
          first_ration, uniq_eustachio
D:6:      grunt_gozag_statues, tgw_fedhas
D:7:      old_standard_altar
D:8:      eat_drink_and_be_merry_uskayaw, david_lair_generic, serial_shops, shop
Temple:   jpeg_temple_island

Skill      XL: |  1  2  3  4  5  6  7  8  9 10 |
---------------+-------------------------------+-----
Stealth        | 3 4 6 8 9 11 | 11.1
Earth Magic    | 5 6 8 |  8.2
Short Blades   | 1 5 6 |  6.0
Transmutations | 6 |  6.1
Dodging        | |  2.0
Spellcasting   | |  2.0

Action                   |  1- 3 |  4- 6 |  7- 9 | 10-12 || total
-------------------------+-------+-------+-------+-------++-------
Melee: Dagger            |    49 |    80 |   113 |       ||   242
       Constrict         |    17 |    23 |    32 |     3 ||    75
       Unarmed           |     2 |       |       |       ||     2
       Tentacles         |     9 |    11 |    22 |     2 ||    44
       Short sword       |       |       |    14 |     9 ||    23
Throw: Stone             |       |       |       |     1 ||     1
 Cast: Sandblast         |    11 |    18 |    66 |       ||    95
       Passwall          |     1 |     1 |    13 |       ||    15
       Petrify           |       |     1 |     4 |     3 ||     8
       Lee's Rapid Decon |       |       |       |     1 ||     1
  Use: Scroll            |       |     4 |    12 |     1 ||    17
 Stab: Sleeping          |     7 |    11 |    19 |       ||    37
       Petrified         |       |     5 |    10 |     2 ||    17
       Distracted        |       |     1 |       |       ||     1
  Eat: Chunk             |     3 |     5 |    15 |     3 ||    26
Armor: Skin              |     3 |    10 |     8 |     2 ||    23
Dodge: Dodged            |    29 |    60 |    67 |     5 ||   161

Table legend:
 A = Spawn XP
 B = Non-spawn XP
 C = Spawn XP percentage of total XP
 D = Spawn monster count
 E = Non-spawn monster count
 F = Spawn count percentage of total count
 G = Total turns spent on level
                    A         B        C        D         E        F      G
               +---------+---------+-------+---------+---------+-------+---------
         Total |       0 |    4849 |   0.0 |       0 |     163 |   0.0 |  7705
               +---------+---------+-------+---------+---------+-------+---------
           D:1 |       0 |      30 |   0.0 |       0 |      14 |   0.0 |  1175
           D:2 |       0 |     285 |   0.0 |       0 |      24 |   0.0 |  1263
           D:3 |       0 |     259 |   0.0 |       0 |      31 |   0.0 |   947
           D:4 |       0 |     620 |   0.0 |       0 |      20 |   0.0 |   696
           D:5 |       0 |     420 |   0.0 |       0 |      19 |   0.0 |   548
           D:6 |       0 |     640 |   0.0 |       0 |      17 |   0.0 |   994
           D:7 |       0 |    1097 |   0.0 |       0 |      22 |   0.0 |  1023
           D:8 |       0 |    1498 |   0.0 |       0 |      16 |   0.0 |   878
               +---------+---------+-------+---------+---------+-------+---------

Table legend:
 A = Turns spent in this place as a percentage of turns spent in the entire game.
 B = Non-inter-level travel turns spent in this place as a percentage of non-inter-level travel turns spent in the entire game.
 C = Inter-level travel turns spent in this place as a percentage of turns spent in this place.
 D = Turns resting spent in this place as a percentage of non-inter-level travel turns spent in this place.
 E = Turns spent auto-exploring this place as a percentage of non-inter-level travel turns spent in this place.
 F = Non-inter-level travel turns spent in this place divided by the number of levels of this place that you've seen.
                   A       B       C       D       E      F
               +-------+-------+-------+-------+-------+----------------------
         Total | 100.0 | 100.0 |   3.9 |  25.9 |  50.1 | 822.9
       Dungeon |  97.7 |  97.9 |   3.6 |  26.5 |  49.3 | 906.2
        Temple |   2.3 |   2.1 |  13.8 |   0.0 |  88.5 | 156.0
               +-------+-------+-------+-------+-------+----------------------

Table legend:
 A = Kills in this place as a percentage of kills in entire the game.
 B = Kills by you in this place as a percentage of kills by you in the entire game.
 C = Kills by friends in this place as a percentage of kills by friends in the entire game.
 D = Other kills in this place as a percentage of other kills in the entire game.
 E = Experience gained in this place as a percentage of experience gained in the entire game.
 F = Experience gained in this place divided by the number of levels of this place that you have seen.
                   A       B       C       D       E      F
               +-------+-------+-------+-------+-------+----------------------
         Total | 100.0 | 100.0 |   N/A |   N/A | 100.0 | 538.8
       Dungeon | 100.0 | 100.0 |   N/A |   N/A | 100.0 | 606.1
               +-------+-------+-------+-------+-------+----------------------
